 Dungeon Crawl Stone Soup version 0.30-a0-6-g7c9e10e132 (webtiles) character file.

Game seed: 8957747283297361304

46928 Newt the Black Sun (level 14, -5/110 HPs)
             Began as a Demonspawn Gladiator on Aug 22, 2022.
             Was a High Priest of Kikubaaqudgha.
             Slain by a ghost moth (10 damage)
             ... on level 3 of the Lair of Beasts.
             The game lasted 00:40:42 (20063 turns).

Newt the Black Sun (Demonspawn Gladiator)          Turns: 20063, Time: 00:40:43

Health: -5/110     AC: 26    Str: 20      XL:     14   Next: 6%
Magic:  0/28       EV: 11    Int:  9 (10) God:    Kikubaaqudgha [*****.]
Gold:   881        SH: 10    Dex: 18 (19) Spells: 18/33 levels left

rFire   + . .      SeeInvis .    y - +8 trident of Fate {vorpal, Dex+5}
rCold   + . .      Faith    .    l - +0 buckler
rNeg    + . .      Spirit   .    w - +2 scale mail {rF+}
rPois   +          Reflect  +    c - +0 helmet
rElec   .          Harm     .    B - +1 cloak
rCorr   .          Rampage  +    (no gloves)
Will    ++...                    r - +1 pair of boots {rampage}
Stlth   +.........               Y - amulet of reflection
HPRegen 0.28/turn                D - ring of poison resistance
MPRegen 0.21/turn                J - ring "Jesen" {rC+ rN+ Will+}

@: sanguine armoured
A: ignite blood 2, spiny 2, sanguine armour 2, demonic touch 2
a: Renounce Religion, Unearth Wretches, Torment


You were on level 3 of the Lair of Beasts.
You worshipped Kikubaaqudgha.
Kikubaaqudgha was extremely pleased with you.
You visited 3 branches of the dungeon, and saw 18 of its levels.
You also visited: Gauntlet.

You collected 1111 gold pieces.
You spent 230 gold pieces at shops.

Inventory:

Hand Weapons
 y - the +8 trident of Fate (weapon) {vorpal, Dex+5}
   (You found it on level 4 of the Dungeon)

   It inflicts extra damage upon your enemies.
   Dex:       It affects your dexterity (+5).
 W - a +5 war axe of electrocution
Missiles
 x - 4 silver boomerangs (quivered)
 H - 6 atropa-tipped darts
 Q - 5 silver javelins
 X - a throwing net
Armour
 c - a +0 helmet (worn)
 l - a +0 buckler (worn)
 o - a +0 ring mail of cold resistance
 p - a +0 pair of boots
 r - a +1 pair of boots of rampaging (worn)
 w - a +2 scale mail of fire resistance (worn)
 B - a +1 cloak (worn)
 L - a +0 cloak
Jewellery
 k - a +4 ring of protection
 A - the ring of Jodyc {rF+ rN+ Will+ Int+6 Dex-2}
   (You found it in a Gauntlet)

   [ring of intelligence]

   Int:       It affects your intelligence (+6).
   Dex:       It affects your dexterity (-2).
   rF:        It protects you from fire.
   rN:        It protects you from negative energy.
   Will:      It increases your willpower.
 D - a ring of poison resistance (left hand)
 E - a ring of magical power
 F - the ring "Watoblal" {Ice Int+5}
   (You found it in a Gauntlet)

   [ring of ice]

   It enhances your ice magic.
   Int:       It affects your intelligence (+5).
   rF:        It makes you vulnerable to fire.
   rC:        It protects you from cold.
 J - the ring "Jesen" (right hand) {rC+ rN+ Will+}
   (You found it in a Gauntlet)

   [ring of protection from cold]

   rC:        It protects you from cold.
   rN:        It protects you from negative energy.
   Will:      It increases your willpower.
 N - a +4 ring of evasion
 T - a +4 ring of slaying
 Y - an amulet of reflection (around neck)
 Z - a ring of protection from fire
Wands
 e - a wand of roots (7)
 g - a wand of digging (12)
 h - a wand of acid (6)
 z - a wand of mindburst (14)
 P - a wand of paralysis (9)
 R - a wand of flame (30)
Scrolls
 f - 3 scrolls of enchant armour
 s - 4 scrolls of blinking
 t - 9 scrolls of teleportation
 v - a scroll of silence
 C - 3 scrolls of fear
 I - 3 scrolls of butterflies
 K - 2 scrolls of brand weapon
 O - 2 scrolls of immolation
 S - 3 scrolls of amnesia
 U - 3 scrolls of identify
Potions
 a - a potion of invisibility
 b - a potion of might
 d - 5 potions of lignification
 i - 5 potions of curing
 j - 2 potions of berserk rage
 m - 3 potions of heal wounds
 n - 2 potions of ambrosia
 q - 3 potions of brilliance
 u - 2 potions of mutation
 G - a potion of flight
 M - a potion of haste
 V - 3 potions of magic


   Skills:
 - Level 10.0 Fighting
 - Level 2.6 Short Blades
 - Level 4.0(7.3) Axes
 - Level 9.6(10.0) Polearms
 - Level 4.0 Throwing
 - Level 10.0 Armour
 - Level 2.6 Dodging
 - Level 2.0 Stealth
 - Level 3.3 Shields
 - Level 10.0 Spellcasting
 - Level 10.0 Necromancy
 + Level 7.3 Evocations


You had 18 spell levels left.
You knew the following spells:

 Your Spells              Type           Power      Damage    Failure   Level
a - Sublimation of Blood  Necr           22%        N/A       1%          2
b - Animate Dead          Necr           22%        N/A       8%          4
c - Dispel Undead         Necr           22%        3d12      8%          4
d - Agony                 Necr           22%        N/A       21%         5

Your spell library contained the following spells:

 Spells                   Type           Power      Damage    Failure   Level
 Necrotise                Necr           88%        1d8       1%          1
 Apportation              Tloc           8%         N/A       41%         1
 Magic Dart               Conj           16%        1d3       41%         1
 Sting                    Tmut/Pois      16%        1d3       41%         1
 Anguish                  Hex/Necr       6%         N/A       50%         4
 Call Imp                 Summ           4%         N/A       56%         2
 Poisonous Vapours        Pois/Air       8%         N/A       56%         2
 Static Discharge         Conj/Air       4%         3-4/arc   56%         2
 Corpse Rot               Necr/Pois/Air  10%        N/A       75%         4
 Death Channel            Necr           11%        N/A       75%         6
 Dazzling Flash           Conj/Hex       8%         N/A       80%         3
 Gell's Gravitas          Tloc           4%         N/A       80%         3
 Mephitic Cloud           Conj/Pois/Air  4%         N/A       80%         3
 Teleport Other           Tloc           4%         N/A       80%         3
 Animate Armour           Summ/Erth      8%         N/A       99%         4
 Iskenderun's Mystic Bla  Conj/Tloc      4%         2d3       99%         4
 Olgreb's Toxic Radiance  Pois           4%         N/A       99%         4
 Petrify                  Tmut/Erth      4%         N/A       99%         4
 Sticky Flame             Conj/Fire      4%         2d3       99%         4
 Summon Ice Beast         Ice/Summ       4%         N/A       99%         4
 Alistair's Intoxication  Tmut/Pois      2%         N/A       100%        5
 Blade Hands              Tmut           2%         N/A       100%        5
 Freezing Cloud           Conj/Ice/Air   2%         6-21      100%        5
 Metabolic Englaciation   Hex/Ice        2%         N/A       100%        5
 Silence                  Hex/Air        2%         N/A       100%        5
 Summon Mana Viper        Hex/Summ       4%         N/A       100%        5
 Conjure Ball Lightning   Conj/Air       2%         3x3d6     100%        6
 Dispersal                Tloc           2%         N/A       100%        6
 Iron Shot                Conj/Erth      2%         9d2       100%        6
 Simulacrum               Ice/Necr       6%         N/A       100%        6
 Starburst                Conj/Fire      2%         6d3       100%        6
 Statue Form              Tmut/Erth      2%         N/A       100%        6
 Enfeeble                 Hex            2%         N/A       100%        7
 Monstrous Menagerie      Summ           2%         N/A       100%        7
 Discord                  Hex            2%         N/A       100%        8
 Disjunction              Tloc           2%         N/A       100%        8
 Polar Vortex             Ice            2%         N/A       100%        9


Dungeon Overview and Level Annotations

Branches:
Dungeon (14/15)            Temple (0/1) D:7            Lair (3/5) D:11
  Swamp (0/4) Lair:3       Spider (1/4) Lair:3          Orc (0/2) D:10
Gauntlet (visited)
 Vaults: D:13-14

Altars:
Gozag
Kikubaaqudgha
Makhleb
Qazlal
Ru
Vehumet
Wu Jian
Xom

Shops:
D:8 ?   D:9 (   D:10 [


Innate Abilities, Weirdness & Mutations

Your demonic aura often causes spilled blood to erupt in flames.
You are mostly covered in sharp spines.
When seriously injured, your blood forms thick armour. (AC +9)
Your touch may inflict irresistible damage on your foes.


Message History

Unknown command.
You feel sick.
Something hits you but does no damage. x2
Something stings you but does no damage.
You feel you are being watched by something.
Something hits you.
* * * LOW HITPOINT WARNING * * *
Something hits you but does no damage.
Something stings you but does no damage.
You climb upwards.
Welcome back to the Lair of Beasts!
Reactivating autopickup.
You feel sick.
You are no longer poisoned.
There is a hole to the Spider Nest, spattered with blood here.
You feel you are being watched by something.
You feel your power leaking away. Something hits you but does no damage.
Deactivating autopickup; reactivate with Ctrl-A.
Something hits you!
* * * LOW HITPOINT WARNING * * *
Something stings you!
* * * LOW HITPOINT WARNING * * *
You feel clumsy.
Read: 4 scrolls of fear
Press: ? - help, Q - select action, (/) - cycle Dir - look around, f - activate
As you read the scroll of fear, it crumbles to dust.
You assume a fearsome visage.
Nothing appears to happen.
Something hits you but does no damage. x2
Something stings you but does no damage.
Something hits you but does no damage. x2
Something stings you but does no damage.
You feel you are being watched by something.
You feel your power leaking away.
You feel you are being watched by something.
You block something's attack. Something hits you!
* * * LOW HITPOINT WARNING * * *
You feel dopey. Something stings you!
You die...
Kikubaaqudgha rasps: "You have failed me!
Welcome... death!"

###.Z..## ##....##
########P.....####
......#.......#P.##
..................##
.............#.P...##
....................##
...........##...#....#
..........####.#@.#.##
..........##.#...#..#
............#...#...##
.............°>......#
...........#.....#...#
..........#..#.#.##.P#
...........##..####.##
...........##....#...#
.....................#


There were no monsters in sight!

Vanquished Creatures
  A minotaur (Gauntlet)
  A fire dragon (D:13)
  Fannar (D:11)
  Harold (D:11)
  A boulder beetle (Lair:1)
  3 centaur warriors
  6 hydras
  5 two-headed ogres
  A necromancer (Gauntlet)
  A deep elf pyromancer (D:12)
  An oklob plant (Gauntlet)
  An ugly thing (D:11)
  A wolf spider (Lair:3)
  2 cyclopes (D:13)
  4 slime creatures (D:12)
  A moth of wrath (Spider:1)
  3 manticores
  6 elephants
  4 black mambas
  A black mamba (shapeshifter) (D:13)
  2 torpor snails
  Maggie (D:9)
  4 cane toads
  A gargoyle (D:12)
  Psyche (D:8)
  2 rime drakes
  5 komodo dragons
  A polar bear (Lair:3)
  3 tarantellas (Spider:1)
  3 trolls
  Prince Ribbit (D:8)
  8 blink frogs (Lair:2)
  3 jumping spiders
  2 shadows
  A culicivora (Spider:1)
  A vampire (D:10)
  A wraith (D:9)
  2 wyverns
  18 yaks
  2 basilisks
  A neqoxec (Gauntlet)
  8 vampire mosquitoes
  2 chaos spawn (Gauntlet)
  5 redbacks (Spider:1)
  A swamp worm (Lair:3)
  Edmund (D:4)
  3 acid dragons
  8 water moccasins
  Duvessa (D:4)
  A cane toad zombie (Lair:3)
  A sky beast (D:8)
  4 orc warriors
  A black bear (D:5)
  6 blink frog zombies (Lair:2)
  2 elephant zombies (Gauntlet)
  21 wolves
  2 ogres
  8 centaurs
  A kobold brigand (D:10)
  14 bullfrogs
  A necrophage (D:4)
  5 scorpions
  3 water moccasin zombies
  A gnoll sergeant (D:7)
  5 wights (D:9)
  Dowan (D:4)
  3 killer bees (D:10)
  4 yak zombies
  4 howler monkeys
  3 electric eels (Lair:1)
  6 wolf zombies
  3 bullfrog zombies
  4 centaur zombies
  4 orc priests
  6 hounds
  3 jellies
  3 gnoll boudas
  6 iguanas
  7 orc wizards
  20 gnolls
  3 adders
  2 shadow imps
  2 white imps (D:6)
  An ufetubus (D:6)
  3 worms
  2 dart slugs (D:4)
  41 orcs
  3 ball pythons (D:1)
  2 endoplasms
  5 giant cockroaches
  7 goblins
  5 hobgoblins
  9 jackals
  3 quokkas
  4 bats
  A frilled lizard (D:1)
  13 kobolds
  5 rats
401 creatures vanquished.

Vanquished Creatures (collateral kills)
  A hydra (Lair:2)
  A centaur warrior (D:13)
  2 wolf spiders (Spider:1)
  A cane toad (Lair:3)
  A gargoyle (D:11)
  4 demonic crawlers
  A komodo dragon (Lair:2)
  A tarantella (Spider:1)
  5 blink frogs (Lair:2)
  A jumping spider (Spider:1)
  A yak (Lair:1)
  A shadow (D:11)
  A culicivora (Spider:1)
  2 basilisks (D:11)
  A wraith (D:11)
  2 redbacks (Spider:1)
  A water moccasin (Lair:3)
  A centaur (D:12)
  2 bullfrogs (Lair:2)
  A scorpion (Lair:3)
  An electric eel (Lair:1)
  A worm (Lair:3)
  3 giant cockroaches (Lair:3)
36 creatures vanquished.

Vanquished Creatures (others)
  A spark wasp (Spider:1)
  2 wolf spider zombies (Spider:1)
  A spark wasp zombie (Spider:1)
  A wolf spider (Spider:1)
  A cane toad (Lair:2)
  2 redback zombies (Spider:1)
  A komodo dragon (Lair:3)
  A fire dragon zombie (D:13)
  A tarantella zombie (Spider:1)
  A moth of wrath zombie (Spider:1)
  A redback (Spider:1)
  A cane toad zombie (Lair:2)
  4 blink frog zombies (Lair:2)
  A manticore zombie (D:12)
  3 elephant zombies (Gauntlet)
  A torpor snail zombie (Spider:1)
  3 vampire mosquito zombies (D:13)
  3 yak zombies (Lair:1)
  2 wolf zombies
  A centaur zombie (D:12)
  12 fungi
  25 plants
69 creatures vanquished.

Grand Total: 506 creatures vanquished

Notes
Turn   | Place    | Note
-------+----------+-------------------------------------------
     0 | D:1      | Newt the Demonspawn Gladiator began the quest for the Orb.
     0 | D:1      | Reached XP level 1. HP: 16/16 MP: 1/1
   114 | D:1      | Reached skill level 1 in Stealth
   139 | D:1      | Gained mutation: You are partially covered in sharp spines.
                  | [demonic ancestry]
   139 | D:1      | Reached XP level 2. HP: 22/22 MP: 2/2
   502 | D:1      | Reached XP level 3. HP: 12/28 MP: 3/3
  1147 | D:2      | Found a faded altar of an unknown god.
  2068 | D:2      | Gained mutation: When seriously injured, your blood forms
                  | armour. (AC +9) [demonic ancestry]
  2068 | D:2      | Reached XP level 4. HP: 33/37 MP: 4/4
  2458 | D:3      | Reached skill level 1 in Axes
  3238 | D:4      | Reached XP level 5. HP: 42/42 MP: 5/5
  3289 | D:4      | Noticed an ogre
  3412 | D:3      | Killed an ogre
  3413 | D:3      | Gained mutation: When seriously injured, your blood forms
                  | thick armour. (AC +9) [demonic ancestry]
  3413 | D:3      | Reached XP level 6. HP: 9/48 MP: 6/6
  3869 | D:4      | Reached skill level 1 in Shields
  3984 | D:4      | Identified the +8 trident of Fate {vorpal, Dex+5}
  4063 | D:4      | Noticed Edmund
  4070 | D:4      | Killed Edmund
  4071 | D:4      | Gained mutation: Your touch may inflict minor irresistible
                  | damage on your foes. [demonic ancestry]
  4071 | D:4      | Reached XP level 7. HP: 34/54 MP: 7/7
  4216 | D:4      | Reached skill level 1 in Polearms
  4353 | D:4      | Noticed Dowan
  4356 | D:4      | Noticed Duvessa
  4366 | D:4      | Killed Duvessa
  4372 | D:4      | Killed Dowan
  4789 | D:5      | Entered Level 5 of the Dungeon
  4906 | D:5      | Reached skill level 1 in Armour
  5126 | D:5      | Gained mutation: You are mostly covered in sharp spines.
                  | [demonic ancestry]
  5126 | D:5      | Reached XP level 8. HP: 55/60 MP: 8/8
  5650 | D:5      | Found an ancient bone altar of Kikubaaqudgha.
  5778 | D:5      | Became a worshipper of Kikubaaqudgha
  5883 | D:6      | Noticed a two-headed ogre
  5892 | D:6      | Killed a two-headed ogre
  5893 | D:6      | Reached skill level 5 in Armour
  5893 | D:6      | Gained mutation: Your demonic aura sometimes causes spilled
                  | blood to erupt in flames. [demonic ancestry]
  5893 | D:6      | Reached XP level 9. HP: 9/69 MP: 9/9
  6144 | D:6      | Reached skill level 1 in Evocations
  6741 | D:7      | Reached * piety under Kikubaaqudgha
  6741 | D:7      | Received a gift from Kikubaaqudgha
  6928 | D:7      | Found a staircase to the Ecumenical Temple.
  7062 | D:7      | Reached skill level 5 in Evocations
  7096 | D:7      | Found an opulent altar of Gozag.
  7100 | D:7      | Found a stormy altar of Qazlal.
  7121 | D:7      | Found a radiant altar of Vehumet.
  7121 | D:7      | Found a burning altar of Makhleb.
  7121 | D:7      | Found an ornate altar of the Wu Jian Council.
  7121 | D:7      | Found a sacrificial altar of Ru.
  7122 | D:7      | Found a shimmering altar of Xom.
  7567 | D:8      | Noticed Prince Ribbit
  7589 | D:8      | Killed Prince Ribbit
  7670 | D:8      | Noticed Psyche
  7677 | D:8      | Killed Psyche
  7761 | D:8      | Reached ** piety under Kikubaaqudgha
  7846 | D:8      | Reached skill level 5 in Necromancy
  7957 | D:8      | Found Picvosuz's Magic Scroll Shoppe.
  7966 | D:8      | Bought a scroll of identify for 22 gold pieces
  7966 | D:8      | Bought a scroll of identify for 22 gold pieces
  7966 | D:8      | Bought a scroll of enchant armour for 82 gold pieces
  7966 | D:8      | Bought a scroll of identify for 22 gold pieces
  7966 | D:8      | Bought a scroll of blinking for 82 gold pieces
  8161 | D:9      | Noticed Maggie
  8162 | D:9      | Noticed a two-headed ogre
  8185 | D:9      | Killed Maggie
  8186 | D:9      | Reached XP level 10. HP: 76/76 MP: 9/13
  8220 | D:9      | Killed a two-headed ogre
  8395 | D:9      | Found Feiss's Antique Weapon Shop.
  8737 | D:9      | Noticed a two-headed ogre
  8743 | D:9      | Killed a two-headed ogre
  8744 | D:9      | Reached skill level 5 in Spellcasting
  9058 | D:10     | Entered Level 10 of the Dungeon
  9058 | D:10     | Found a staircase to the Orcish Mines.
  9058 | D:10     | Found Rihy's Antique Armour Shop.
 10015 | D:11     | Noticed a gargoyle
 10016 | D:11     | Noticed a four-headed hydra
 10094 | D:11     | Noticed an elephant
 10099 | D:11     | Noticed Fannar
 10111 | D:10     | Killed an elephant
 10290 | D:10     | Learned a level 2 spell: Sublimation of Blood
 10295 | D:10     | Learned a level 4 spell: Animate Dead
 10300 | D:10     | Learned a level 4 spell: Dispel Undead
 10311 | D:11     | Gained mutation: Your demonic aura often causes spilled
                  | blood to erupt in flames. [demonic ancestry]
 10311 | D:11     | Reached XP level 11. HP: 60/81 MP: 14/18
 10316 | D:11     | Killed Fannar
 10317 | D:11     | Reached skill level 10 in Necromancy
 10560 | D:11     | Found a staircase to the Lair.
 10590 | D:11     | Killed a four-headed hydra
 10801 | D:11     | Noticed a two-headed ogre
 10804 | D:11     | Killed a two-headed ogre
 10817 | D:11     | Noticed Harold
 10822 | D:11     | Noticed a red ugly thing
 10823 | D:11     | Killed Harold
 10828 | D:11     | Killed a red ugly thing
 11487 | D:11     | Noticed a two-headed ogre
 11492 | D:11     | Killed a two-headed ogre
 11679 | D:12     | Reached *** piety under Kikubaaqudgha
 11679 | D:12     | Received a gift from Kikubaaqudgha
 11683 | D:12     | Reached skill level 10 in Spellcasting
 11892 | D:12     | Noticed a deep elf pyromancer
 11896 | D:12     | Killed a deep elf pyromancer
 11940 | D:12     | Reached XP level 12. HP: 78/89 MP: 26/26
 12880 | D:13     | Found a gate leading to a gauntlet.
 12926 | Gauntlet | Entered a Gauntlet
 12926 | Gauntlet | Found a transporter.
 12926 | Gauntlet | Found a transporter.
 12926 | Gauntlet | Found a transporter.
 12928 | Gauntlet | Found a transporter.
 12932 | Gauntlet | Found a transporter.
 12944 | Gauntlet | Found a transporter.
 12949 | Gauntlet | Found a transporter.
 12956 | Gauntlet | Found a transporter.
 12964 | Gauntlet | Found a transporter.
 12981 | Gauntlet | Found a transporter.
 12989 | Gauntlet | Found a transporter.
 13008 | Gauntlet | Found a transporter.
 13350 | Gauntlet | Identified the ring of Jodyc {rF+ rN+ Will+ Int+6 Dex-2}
 13680 | Gauntlet | Identified the ring "Watoblal" {Ice Int+5}
 13717 | Gauntlet | Reached skill level 10 in Fighting
 13728 | Gauntlet | Reached skill level 5 in Polearms
 13751 | Gauntlet | Identified the ring "Jesen" {rC+ rN+ Will+}
 13814 | Gauntlet | Noticed a minotaur
 13835 | Gauntlet | HP: 4/145 [minotaur (22)]
 13836 | Gauntlet | Killed a minotaur
 14267 | D:13     | Reached **** piety under Kikubaaqudgha
 14310 | D:13     | Noticed a seven-headed hydra
 14315 | D:13     | Killed a seven-headed hydra
 14350 | D:13     | Noticed a centaur warrior
 14360 | D:13     | Killed a centaur warrior
 14503 | D:13     | Noticed a fire dragon
 14515 | D:13     | Noticed a centaur warrior
 14521 | D:13     | Killed a fire dragon
 14523 | D:13     | Killed a centaur warrior
 14817 | D:13     | Noticed a centaur warrior
 14823 | D:13     | Killed a centaur warrior
 14824 | D:13     | Reached XP level 13. HP: 37/103 MP: 27/27
 15434 | D:13     | Learned a level 5 spell: Agony
 15486 | Lair:1   | Entered Level 1 of the Lair of Beasts
 15766 | Lair:1   | Found a transporter.
 15767 | Lair:1   | Found a transporter.
 17757 | Lair:3   | Found a hole to the Spider Nest.
 18146 | Lair:3   | Reached ***** piety under Kikubaaqudgha
 18477 | Lair:3   | Found a staircase to the Swamp.
 18994 | Spider:1 | Entered Level 1 of the Spider Nest
 19014 | Spider:1 | Reached skill level 10 in Armour
 19266 | Spider:1 | Gained mutation: Your touch may inflict irresistible damage
                  | on your foes. [demonic ancestry]
 19266 | Spider:1 | Reached XP level 14. HP: 78/110 MP: 28/28
 20063 | Lair:3   | HP: 5/110 [something (9)]
 20063 | Lair:3   | Slain by a ghost moth

Illustrated notes

Levels and vault maps discovered:
D:1:      dpeg_arrival_another_circle, layout_loops_ring,
          minmay_misc_feat_roman, minmay_box_of_dots
D:2:      layout_loops_ring, hellmonk_ecumenical_altar_inner_sanctum
D:3:      layout_rooms, tso_oasis_becter, serial_forest,
          infiniplex_forest_end_2, infiniplex_forest_end_2,
          infiniplex_forest_straight_3, infiniplex_forest_straight_4,
          infiniplex_forest_clump_small, infiniplex_forest_end_double,
          infiniplex_forest_clump_tiny, infiniplex_forest_end_2,
          infiniplex_forest_straight_5
D:4:      layout_basic, uniq_duvessa, uniq_edmund
D:5:      layout_loops_ring, mainiacjoe_overflow_24_doors,
          kennysheep_generic_room_11
D:6:      layout_basic, kennysheep_generic_room_9
D:7:      layout_loops_ring, grunt_temple_overflow_open,
          minmay_temple_entry_poolview, lightli_orcish_oven
D:8:      layout_cave_pools, serial_shops, nicolae_lakefront_shop,
          uniq_gastronok, uniq_psyche, uniq_prince_ribbit1
D:9:      layout_gridville, serial_shops, nicolae_shop_crystal, uniq_maggie
D:10:     layout_roguey, orc_0_dummy, serial_shops,
          nicolae_shop_overgrown_old_shop
D:11:     layout_layer_cave, david_lair_generic, st_stairs_5, uniq_harold,
          uniq_fannar
D:12:     layout_small_grid, elyvilon_altar_4
D:13:     layout_basic, gauntlet_entry_generic
D:14:     layout_cave_pools, david_vaults_5, kennysheep_path_1,
          nicolae_transporter_intersection
Lair:1:   gammafunk_boulding_lane, layout_long_grid, disabler_island
Lair:2:   layout_loops_ring
Lair:3:   layout_long_grid, palyth_hydra_swamp_entry,
          nicolae_spider_entry_non_spiders, dpeg_oklob_1, grunt_megastairs_4
Spider:1: layout_spider_delve, nicolae_spider_claw_tunnel

Skill      XL: |  1  2  3  4  5  6  7  8  9 10 11 12 13 14 |
---------------+-------------------------------------------+-----
Stealth        | 1 2 |  2.0
Fighting       | 3 4 6 10 | 10.0
Axes           | 2 3 4 |  4.0
Shields        | 3 |  3.3
Polearms       | 4 8 9 |  9.6
Armour         | 2 5 10 | 10.0
Throwing       | 3 4 |  4.0
Evocations     | 6 7 |  7.3
Necromancy     | 5 9 10 | 10.0
Spellcasting   | 2 5 10 | 10.0
Short Blades   | |  2.6
Dodging        | |  2.6

Action                   |  1- 3 |  4- 6 |  7- 9 | 10-12 | 13-15 || total
-------------------------+-------+-------+-------+-------+-------++-------
Melee: Rapier            |    61 |       |       |       |       ||    61
       Flail             |    21 |    32 |       |       |       ||    53
       Punch             |     1 |       |       |       |       ||     1
       War axe           |       |    27 |       |       |       ||    27
       Trident           |       |     9 |   229 |   303 |   303 ||   844
Throw: Throwing net      |     3 |     1 |       |       |       ||     4
       Stone             |     1 |       |       |     1 |       ||     2
       Dart              |       |       |       |       |     1 ||     1
 Cast: Animate Dead      |       |       |       |     9 |    11 ||    20
Invok: Unearth Wretches  |       |       |       |       |     4 ||     4
       Torment           |       |       |       |       |     1 ||     1
Evoke: Wand              |       |       |       |     7 |       ||     7
  Use: Scroll            |     7 |     6 |     6 |     8 |     3 ||    30
       Potion            |       |       |     3 |     6 |     2 ||    11
 Stab: Held in net/web   |     2 |     1 |       |       |       ||     3
       Sleeping          |     1 |     1 |       |       |       ||     2
       Paralysed         |       |       |       |     7 |     7 ||    14
       Distracted        |       |       |       |     3 |       ||     3
Armor: Leather armour    |    22 |     5 |       |       |       ||    27
       Scale mail        |       |    16 |    76 |   128 |   110 ||   330
       Skin              |       |       |       |     4 |       ||     4
Dodge: Dodged            |    50 |    29 |    82 |   112 |   108 ||   381
Block: Buckler           |     2 |     8 |    71 |   134 |   153 ||   368
       Reflection        |       |       |       |    19 |     1 ||    20

Table legend: (Time is in decaauts)
 A = Elapsed time spent in this place.
 B = Non-inter-level travel time spent in this place.
 C = Inter-level travel time spent in this place.
 D = Time resting spent in this place.
 E = Time spent auto-exploring this place.
 F = Levels seen in this place.
 G = Mean time per level.
                   A        B        C        D        E       F      G
               +--------+--------+--------+--------+--------+-----+--------+
         Total |  20093 |  19590 |    503 |   5224 |  11376 |  19 | 1057.5 |
       Dungeon |  14249 |  13808 |    441 |   2977 |   8864 |  14 | 1017.8 |
          Lair |   4211 |   4150 |     61 |   1250 |   2390 |   3 | 1403.7 |
   Spider Nest |    321 |    321 |      0 |     91 |    122 |   1 |  321.0 |
      Gauntlet |   1310 |   1310 |      0 |    906 |      0 |   1 | 1310.0 |
               +--------+--------+--------+--------+--------+-----+--------+

Top non-repeatable levels by time:
  Lair:3: 2184 daAuts
    D:11: 1588 daAuts
     D:3: 1390 daAuts
    D:13: 1325 daAuts
Gauntlet: 1310 daAuts
     D:4: 1241 daAuts
    D:12: 1140 daAuts
     D:1: 1114 daAuts
     D:2: 1091 daAuts
     D:7: 1087 daAuts
    D:10: 1061 daAuts
  Lair:1: 1039 daAuts
     D:5: 1017 daAuts
  Lair:2: 988 daAuts
     D:9: 965 daAuts
